 Dungeon Crawl Stone Soup version 0.29.1-15-g9cfb28693d (webtiles) character file.

Game seed: 2091069157888762760

4 H0rd4k the Charlatan (level 1, 0/13 HPs)
             Began as an Octopode Artificer on Mar 22, 2023.
             Slain by a dart slug (1 damage)
             ... on level 1 of the Dungeon.
             The game lasted 00:00:14 (140 turns).

H0rd4k the Charlatan (Octopode Artificer)            Turns: 140, Time: 00:00:15

Health: 0/13       AC:  1    Str: 11    XL:     1   Next: 60%
Magic:  1/1        EV: 13    Int: 13    God:
Gold:   13         SH:  0    Dex: 12    Spells: 0/0 levels left

rFire   . . .      SeeInvis .   (no weapon)
rCold   . . .      Faith    .   (no shield)
rNeg    . . .      Spirit   .   (helmet restricted)
rPois   .          Reflect  .   (no amulet)
rElec   .          Harm     .   (no ring)
rCorr   .          Rampage  .   (no ring)
Will    .....                   (no ring)
Stlth   +++.......              (no ring)
HPRegen 0.04/turn               (no ring)
MPRegen 0.07/turn               (no ring)
                                (no ring)
                                (no ring)

@: no status effects
A: almost no armour, amphibious, 8 rings, camouflage 1, gelatinous body 1,
(nimble swimmer 1), tentacles
a: no special abilities


You were on level 1 of the Dungeon.
You visited 1 branch of the dungeon, and saw 1 of its levels.

You collected 13 gold pieces.

Inventory:

Wands
 b - a wand of flame (15) (quivered)
 c - a wand of charming (15)
 d - a wand of iceblast (5)


   Skills:
 * Level 1.4 Fighting
 - Level 2.3 Dodging
 - Level 1.3 Stealth
 * Level 0.3 Spellcasting
 - Level 3.2 Evocations


You couldn't memorise any spells.
You didn't know any spells.
Your spell library was empty.

Dungeon Overview and Level Annotations

Branches:
Dungeon (1/15)

Altars:


Innate Abilities, Weirdness & Mutations

You cannot wear most types of armour.
You are amphibious.
You can wear up to eight rings at the same time.
Your skin changes colour to match your surroundings (Stealth+).
Your rubbery body absorbs attacks. (AC +1, EV +1)
((You are camouflaged when in or above water. (Stealth+)))
You have tentacles for arms and can constrict up to eight enemies at once.


Message History

The dart slug closely misses you.
There are monsters nearby!
You are too injured to fight recklessly!
There are monsters nearby!
You are too injured to fight recklessly!
You are too injured to fight recklessly!
The bat hits you.
* * * LOW HITPOINT WARNING * * *
The bat closely misses you. The dart slug misses you.
The bat hits you but does no damage. The goblin barely misses you.
The bat hits you but does no damage.
You barely miss the goblin. Your grab misses the goblin.
You squeeze the goblin.
The goblin is heavily wounded.
The bat closely misses you. The bat hits you but does no damage.
The goblin closely misses you.
You closely miss the goblin. You grab the goblin. You squeeze the goblin.
You kill the goblin!
The bat hits you but does no damage. The bat hits you but does no damage.
The bat closely misses you.
Things that are here:
a +0 dagger; a goblin corpse You tentacle-slap the dart slug.
You grab the dart slug.
The dart slug is moderately wounded.
You constrict the dart slug. The bat hits you.
* * * LOW HITPOINT WARNING * * *
The dart slug launches a dart at you. The slug dart misses you.
You tentacle-slap the dart slug but do no damage.
The dart slug is moderately wounded.
You constrict the dart slug. The bat hits you but does no damage.
The dart slug launches a dart at you. The slug dart misses you.
The bat hits you but does no damage.
You tentacle-slap the dart slug but do no damage.
The dart slug is severely wounded.
You constrict the dart slug. The bat hits you but does no damage.
The bat hits you.
* * * LOW HITPOINT WARNING * * *
The dart slug bites you.
You die...

. . . .. .### ... ..#
.... #.## #
....##..##.#.)#
.######## #..........>
.......†. #..###
###########.# #..@.#
#.....#####.#
#...w#b###.###.......#
######.....# #######.#
####### ### # # #


You could see a dart slug and a bat.

Vanquished Creatures
  A ball python (D:1)
  A goblin (D:1)
  A hobgoblin (D:1)
3 creatures vanquished.

Notes
Turn   | Place    | Note
-------+----------+-------------------------------------------
     0 | D:1      | H0rd4k the Octopode Artificer began the quest for the Orb.
     0 | D:1      | Reached XP level 1. HP: 13/13 MP: 1/1
   140 | D:1      | Slain by a dart slug

Illustrated notes

Levels and vault maps discovered:
D:1:      lightli_arrival_statue_moat, layout_basic

Action                   || total
-------------------------++-------
Melee: Unarmed           ||    19
       Constrict         ||     4
       Tentacles         ||     2
 Stab: Sleeping          ||     1
Armor: Skin              ||    11
Dodge: Dodged            ||    25
